[Event "Titled Tuesday Blitz July 18 Late 2023"]
[White "Paravyan, David"]
[Black "Zhigalko, Sergei"]
[WhiteFideId "4194985"]
[BlackFideId "13502956"]
[WhiteElo "3025"]
[BlackElo "2898"]
[Result "1-0"]
[Round "6"]
[TimeControl "180+2"]
[Date "2023.07.18"]
[WhiteClock "0:01:25"]
[BlackClock "0:00:00"]
[Board "6"]

1. e4 c5 2. Nf3 d6 3. d4 cxd4 4. Nxd4 Nf6 5. Nc3 a6 6. Bd3 g6 7. f3 Bg7 8. Be3 Nc6 9. Qd2 Nxd4 10. Bxd4 Be6 11. O-O-O Rc8 12. Kb1 h5 13. a3 O-O 14. h3 Nd7 15. Bxg7 Kxg7 16. g4 Rh8 17. f4 hxg4 18. f5 Bc4 19. hxg4 Ne5 20. Bxc4 Nxc4 21. Qd4+ f6 22. g5 Rxh1 23. Rxh1 Qb6 24. gxf6+ exf6 25. Qxb6 Nxb6 26. fxg6 Kxg6 27. Rh3 Rc5 28. b3 f5 29. exf5+ Rxf5 30. Kb2 d5 31. Ne2 Kg7 32. Rc3 Kf8 33. Nd4 Rf7 34. a4 Ke7 35. Rc7+ Kf6 36. Rxf7+ Kxf7 37. Kc3 Ke7 38. Kb4 Kd6 39. Nf5+ Ke5 40. Nh6 Nd7 41. Nf7+ Kd4 42. a5 Ne5 43. c3+ Ke4 44. Nd6+ Kd3 45. Nxb7 Nc6+ 46. Kc5 Kxc3 47. Kxc6 d4 48. Nc5 d3 49. Kb6 d2 50. Ne4+ Kxb3 51. Nxd2+ Kb4 52. Kxa6 1-0


[Site "https://www.chess.com"]

[Event "Titled Tuesday Blitz July 18 Late 2023"]
[White "Perez Ponsa, Federico"]
[Black "Duda, Jan-Krzysztof"]
[WhiteFideId "117927"]
[BlackFideId "1170546"]
[WhiteElo "2839"]
[BlackElo "3012"]
[Result "0-1"]
[Round "6"]
[TimeControl "180+2"]
[Date "2023.07.18"]
[WhiteClock "0:00:05"]
[BlackClock "0:00:04"]
[Board "7"]

1. e4 e6 2. d4 c5 3. d5 exd5 4. exd5 d6 5. Nc3 g6 6. Nf3 Bg7 7. Bb5+ Bd7 8. O-O Ne7 9. Bf4 a6 10. Bxd7+ Qxd7 11. Ne4 Nc8 12. Bh6 O-O 13. Bxg7 Kxg7 14. Qd2 Qf5 15. Qc3+ f6 16. Nfg5 Qxd5 17. Qh3 fxg5 18. Rfe1 h6 19. Rad1 Qf5 20. Qc3+ Kh7 21. Rd3 g4 22. h3 h5 23. h4 Nd7 24. Ng5+ Kh6 25. Qd2 Qf4 26. Qe2 Ne5 27. Re3 Qf5 28. Rd1 b5 29. a4 Ra7 30. Ne4 Raf7 31. Ng3 Qxf2+ 32. Qxf2 Rxf2 33. Ne4 Rxc2 34. axb5 axb5 35. Ra1 Rxb2 36. Ng5 b4 37. Rd1 b3 38. Rxe5 dxe5 39. Rd7 Rh8 40. Nf7+ Kg7 41. Ng5+ Kf8 42. Ne6+ Ke8 43. Rc7 Rg8 44. Rxc8+ Kd7 45. Rxg8 Kxe6 46. Rxg6+ Kd5 47. Rb6 g3 0-1


[Site "https://www.chess.com"]

[Event "Titled Tuesday Blitz July 18 Late 2023"]
[White "Meshkovs, Nikita"]
[Black "Svane, Frederik"]
[WhiteFideId "11602740"]
[BlackFideId "12923044"]
[WhiteElo "2759"]
[BlackElo "2976"]
[Result "1-0"]
[Round "6"]
[TimeControl "180+2"]
[Date "2023.07.18"]
[WhiteClock "0:00:16"]
[BlackClock "0:00:07"]
[Board "8"]

1. d4 Nf6 2. c4 e6 3. Nf3 d5 4. Nc3 Nbd7 5. g3 dxc4 6. Bg2 c6 7. O-O a5 8. e4 b5 9. d5 b4 10. dxc6 bxc3 11. cxd7+ Bxd7 12. bxc3 Bc5 13. e5 Nd5 14. Ng5 Be7 15. Qh5 g6 16. Qh6 Bf8 17. Qh3 Bg7 18. Ne4 O-O 19. Bg5 Qc7 20. Nf6+ Nxf6 21. exf6 Bh8 22. Bxa8 Rxa8 23. Rad1 Bc6 24. Rd4 Qe5 25. Rfd1 Bd5 26. Qh4 h5 27. Qf4 Qf5 28. Qxf5 gxf5 29. Rxd5 exd5 30. Rxd5 Kh7 31. Rxf5 Kg6 32. Rc5 a4 33. h4 a3 34. Rxc4 Ra6 35. Rb4 Bxf6 36. Bxf6 Kxf6 37. Rb3 Kf5 38. Kg2 Ke4 39. c4 Kd4 40. Kh3 Kxc4 41. g4 hxg4+ 42. Kxg4 Rg6+ 43. Kf5 Rh6 44. Rxa3 Kb4 45. Rh3 Kc4 46. h5 Kd5 47. Kg5 Rh8 48. Kf6 Rh7 49. h6 Kc4 50. f4 Kb4 51. f5 Ka4 52. Ke7 Kb5 53. Kf8 Kc6 54. Kg8 Rg7+ 55. hxg7 1-0


[Site "https://www.chess.com"]

[Event "Titled Tuesday Blitz July 18 Late 2023"]
[White "Bachmann, Axel"]
[Black "Firouzja, Alireza"]
[WhiteFideId "3700488"]
[BlackFideId "12573981"]
[WhiteElo "2842"]
[BlackElo "3121"]
[Result "0-1"]
[Round "6"]
[TimeControl "180+2"]
[Date "2023.07.18"]
[WhiteClock "0:00:15"]
[BlackClock "0:01:25"]
[Board "9"]

1. e4 c5 2. Nf3 d6 3. d4 cxd4 4. Nxd4 Nf6 5. Nc3 a6 6. h3 g6 7. Be3 Nc6 8. g4 Nxd4 9. Bxd4 Bh6 10. Qd3 O-O 11. Be3 Bxe3 12. Qxe3 Be6 13. f4 Qa5 14. f5 Bd7 15. g5 Nxe4 16. Qxe4 Bc6 17. Qh4 Bxh1 18. Bd3 Qe5+ 19. Kd2 Qh2+ 20. Ke3 d5 21. Rf1 e5 22. Ne2 e4 0-1


[Site "https://www.chess.com"]

[Event "Titled Tuesday Blitz July 18 Late 2023"]
[White "Mamedov, Rauf"]
[Black "Ozen, Bahadir"]
[WhiteFideId "13401653"]
[BlackFideId "6337058"]
[WhiteElo "3045"]
[BlackElo "2838"]
[Result "1-0"]
[Round "6"]
[TimeControl "180+2"]
[Date "2023.07.18"]
[WhiteClock "0:02:10"]
[BlackClock "0:01:09"]
[Board "10"]

1. e4 d6 2. d3 Nf6 3. g3 c5 4. Bg2 Nc6 5. Nf3 e6 6. Nc3 Be7 7. O-O O-O 8. Re1 Bd7 9. a4 Rc8 10. Bf4 a6 11. h3 h6 12. e5 dxe5 13. Nxe5 Nxe5 14. Bxe5 Bc6 15. Bxc6 Rxc6 16. Qf3 Nd7 17. Bf4 Nf6 18. a5 c4 19. dxc4 Rxc4 20. Qxb7 Rb4 21. Qxa6 Rxb2 22. Qd3 Qxd3 23. cxd3 Ra8 24. a6 Bb4 25. Rec1 Bc5 26. Na4 1-0


[Site "https://www.chess.com"]

[Event "Titled Tuesday Blitz July 18 Late 2023"]
[White "Bluebaum, Matthias"]
[Black "Zelbel, Patrick"]
[WhiteFideId "24651516"]
[BlackFideId "24624322"]
[WhiteElo "3013"]
[BlackElo "2798"]
[Result "1/2-1/2"]
[Round "6"]
[TimeControl "180+2"]
[Date "2023.07.18"]
[WhiteClock "0:00:16"]
[BlackClock "0:00:25"]
[Board "11"]

1. d4 g6 2. c4 Bg7 3. e4 c5 4. d5 d6 5. h3 e6 6. Nc3 exd5 7. cxd5 a6 8. a4 Ne7 9. Nf3 O-O 10. Bd3 f5 11. O-O Nd7 12. exf5 Nxf5 13. Ng5 Ne5 14. Ne6 Bxe6 15. dxe6 Qh4 16. Bxf5 Rxf5 17. Qxd6 Nf3+ 18. Kh1 Be5 19. Qd7 Nh2 20. Be3 Nxf1 21. Rxf1 Bxc3 22. bxc3 Qd8 23. Qxb7 Qd5 24. Qe7 Qd8 25. Qb7 Qd5 26. Qb6 Rf6 27. Rb1 Rxe6 28. Qc7 Qc6 29. Qf4 Qe4 30. Rb8+ Rxb8 31. Qxb8+ Re8 32. Qd6 Qe5 33. Qxa6 Rd8 34. Qc4+ Kg7 35. g3 Qd5+ 36. Qxd5 Rxd5 37. c4 Rd1+ 38. Kg2 Ra1 39. Bxc5 Rxa4 40. Bd4+ Kf7 41. Be3 Rxc4 42. g4 Rc6 43. Kg3 Re6 44. Kf3 Rc6 45. Kf4 Re6 46. Kf3 Ra6 47. Kf4 Re6 48. Kf3 1/2-1/2


[Site "https://www.chess.com"]

[Event "Titled Tuesday Blitz July 18 Late 2023"]
[White "Elsa167"]
[Black "Andreikin, Dmitry"]
[BlackFideId "4158814"]
[WhiteElo "2793"]
[BlackElo "2994"]
[Result "0-1"]
[Round "6"]
[TimeControl "180+2"]
[Date "2023.07.18"]
[WhiteClock "0:00:00"]
[BlackClock "0:01:50"]
[Board "12"]

1. d4 Nf6 2. c4 e6 3. g3 Bb4+ 4. Nd2 c5 5. a3 Bxd2+ 6. Qxd2 cxd4 7. Nf3 d5 8. cxd5 e5 9. Nxe5 Qxd5 10. Nf3 Nc6 11. Bg2 Bf5 12. O-O Be4 13. b4 O-O 14. Bb2 Rad8 15. Rad1 Rfe8 16. Ne1 Qb3 17. Bxe4 Nxe4 18. Qc2 Qe6 19. Nf3 Qg6 20. Qc4 Ng5 21. Nxg5 Qxg5 22. Bxd4 Qg4 23. Qc3 Nxd4 0-1


[Site "https://www.chess.com"]

[Event "Titled Tuesday Blitz July 18 Late 2023"]
[White "Tristan, Leonardo"]
[Black "Makarian, Rudik"]
[WhiteFideId "113816"]
[BlackFideId "44105681"]
[WhiteElo "2794"]
[BlackElo "2993"]
[Result "0-1"]
[Round "6"]
[TimeControl "180+2"]
[Date "2023.07.18"]
[WhiteClock "0:00:00"]
[BlackClock "0:01:55"]
[Board "13"]

1. d4 Nf6 2. Nf3 c5 3. c3 d5 4. Bf4 Nc6 5. e3 Qb6 6. Qc2 g6 7. Nbd2 Bf5 8. dxc5 Qxc5 9. Qb3 Bg7 10. Qxb7 O-O 11. Nb3 Qb6 12. Qxb6 axb6 13. Bb5 Na5 14. Nxa5 bxa5 15. a4 Ne4 16. Be5 Nc5 17. Bxg7 Kxg7 18. Ke2 Rfd8 19. Nd4 Bd7 20. Bxd7 Rxd7 21. Rhd1 Rb8 22. Nb5 Nxa4 23. Rxa4 Rxb5 24. Ra2 Rdb7 25. Rd2 e6 26. Kd3 Kf6 27. Kc2 h5 28. Rd4 Rc7 29. Rda4 Rcc5 30. R2a3 g5 31. Rb3 Rxb3 32. Kxb3 Ke5 33. f4+ gxf4 34. Rxf4 f5 35. Rh4 Rc7 36. Rxh5 Ke4 37. Ka4 Rb7 38. b3 Kxe3 39. Rh6 e5 40. Re6 e4 41. Rd6 f4 42. Rxd5 Rg7 43. g3 f3 44. Kxa5 Kf2 45. Rd2+ Ke1 46. Ra2 e3 0-1


[Site "https://www.chess.com"]

[Event "Titled Tuesday Blitz July 18 Late 2023"]
[White "Oparin, Grigoriy"]
[Black "Oganian, Miran"]
[WhiteFideId "24125890"]
[BlackFideId "4122488"]
[WhiteElo "2986"]
[BlackElo "2774"]
[Result "1-0"]
[Round "6"]
[TimeControl "180+2"]
[Date "2023.07.18"]
[WhiteClock "0:00:59"]
[BlackClock "0:00:07"]
[Board "14"]

1. e4 e6 2. d4 d5 3. Nc3 Bb4 4. Ne2 dxe4 5. a3 Be7 6. Nxe4 Nf6 7. N2g3 Bd7 8. Nxf6+ Bxf6 9. Be3 Bc6 10. Qd2 Nd7 11. O-O-O Qe7 12. Nh5 O-O-O 13. Rg1 Kb8 14. Be2 Nb6 15. g4 h6 16. Nxf6 gxf6 17. c4 Ba4 18. Rde1 e5 19. d5 Bd7 20. Qa5 Bc8 21. Rd1 f5 22. gxf5 Bxf5 23. b3 Nc8 24. Kb2 Rhg8 25. Rxg8 Rxg8 26. c5 b6 27. Qc3 Rd8 28. a4 Be4 29. Qc4 f5 30. f3 f4 31. Bf2 Bh7 32. a5 e4 33. fxe4 Bxe4 34. d6 Qe5+ 35. Bd4 Qd5 36. dxc7+ Kxc7 37. cxb6+ Kb7 38. a6+ Kb8 39. Qc7+ Ka8 40. b7+ Qxb7 41. axb7+ Bxb7 42. Qxd8 Bh1 43. Qxc8# 1-0


[Site "https://www.chess.com"]

[Event "Titled Tuesday Blitz July 18 Late 2023"]
[White "Yoo, Christopher Woojin"]
[Black "Priasmoro, Novendra"]
[WhiteFideId "30909694"]
[BlackFideId "7105029"]
[WhiteElo "2985"]
[BlackElo "2766"]
[Result "0-1"]
[Round "6"]
[TimeControl "180+2"]
[Date "2023.07.18"]
[WhiteClock "0:00:00"]
[BlackClock "0:01:36"]
[Board "15"]

1. b3 d5 2. Bb2 Nf6 3. Nf3 c5 4. e3 Nc6 5. Bb5 Bd7 6. O-O e6 7. Bxc6 Bxc6 8. Ne5 Bd6 9. Nxc6 bxc6 10. d3 O-O 11. Nd2 Nd7 12. e4 Be5 13. Bxe5 Nxe5 14. f4 Nd7 15. e5 Qa5 16. Nf3 Qc3 17. Kh1 a5 18. a4 Rab8 19. Qd2 Qxd2 20. Nxd2 f6 21. exf6 gxf6 22. Rae1 Kf7 23. Re2 Rb4 24. g3 Rg8 25. Nf3 h5 26. Rfe1 Nf8 27. Kg2 Rxf4 28. Rf2 Rf5 29. Ref1 Nd7 30. Kh3 Ke7 31. d4 cxd4 32. Nxd4 Rxf2 33. Rxf2 Kd6 34. Ne2 e5 35. Rf5 Rg5 36. Rf2 d4 37. Kg2 c5 38. c3 d3 39. Ng1 e4 40. Rd2 c4 41. Nh3 e3 42. Nxg5 fxg5 43. Ra2 d2 0-1


[Site "https://www.chess.com"]

[Event "Titled Tuesday Blitz July 18 Late 2023"]
[White "Fantastic_Power"]
[Black "Pranav, V"]
[BlackFideId "25060783"]
[WhiteElo "2743"]
[BlackElo "2975"]
[Result "1-0"]
[Round "6"]
[TimeControl "180+2"]
[Date "2023.07.18"]
[WhiteClock "0:00:06"]
[BlackClock "0:00:05"]
[Board "16"]

1. e4 e5 2. Nf3 Nc6 3. Bb5 a6 4. Ba4 d6 5. c3 Bd7 6. O-O g6 7. d4 Bg7 8. d5 Nce7 9. c4 h6 10. Nc3 Nf6 11. Ne1 O-O 12. Bxd7 Nxd7 13. Nd3 f5 14. f3 b6 15. Be3 Qe8 16. b4 g5 17. Qe2 Qg6 18. c5 f4 19. Bf2 h5 20. cxd6 cxd6 21. Kh1 g4 22. Na4 Rab8 23. Rac1 b5 24. Rc7 Rfd8 25. Nab2 Bf6 26. Rfc1 Kh8 27. a4 Nf8 28. Ra7 Nh7 29. Rcc7 Re8 30. Rxa6 Rbd8 31. axb5 Ng5 32. Bh4 gxf3 33. gxf3 Nh3 34. Bxf6+ Qxf6 35. Nf2 Ng5 36. Raa7 Nc8 37. Ra6 Rg8 38. Nc4 Ne7 39. b6 Nf7 40. Ra1 Qh4 41. b7 Rb8 42. b5 Qf6 43. Rg1 Rxg1+ 44. Kxg1 Rg8+ 45. Kh1 Qg5 46. Qf1 Kg7 47. Nb6 Rb8 48. Nd7 Rxb7 49. Rxb7 Ng6 50. Nb6 Nh4 51. Nh3 Qd8 52. Nc4 Qc8 53. Rxf7+ Kh6 54. Nxd6 Qc2 55. Rf6+ Kh7 56. Rf7+ Kh6 57. Nf5+ Kg6 58. Nxh4+ Kxf7 59. Nf5 Kg6 60. Nxf4+ exf4 61. Qg2+ Qxg2+ 62. Kxg2 Kg5 63. b6 h4 64. b7 h3+ 65. Kxh3 Kg6 66. b8=Q Kh5 67. Qh8+ Kg5 68. Qh6# 1-0


[Site "https://www.chess.com"]

[Event "Titled Tuesday Blitz July 18 Late 2023"]
[White "Riehle, Marco"]
[Black "Maghsoodloo, Parham"]
[WhiteFideId "12904392"]
[BlackFideId "12539929"]
[WhiteElo "2734"]
[BlackElo "2973"]
[Result "1-0"]
[Round "6"]
[TimeControl "180+2"]
[Date "2023.07.18"]
[WhiteClock "0:00:45"]
[BlackClock "0:00:58"]
[Board "17"]

1. e4 c5 2. a3 b6 3. Nc3 Bb7 4. Bc4 e6 5. d3 Nf6 6. Ba2 d5 7. e5 Nfd7 8. f4 f5 9. Nf3 Be7 10. O-O a6 11. d4 b5 12. Be3 Nc6 13. Ne2 c4 14. c3 a5 15. Bb1 Nb6 16. g4 g6 17. Ng5 Qc8 18. Ng3 Nd8 19. gxf5 exf5 20. Nxf5 Bf8 21. Ng3 Na4 22. Nxh7 Rxh7 23. Bxg6+ Rf7 24. f5 Kd7 25. e6+ Kc6 26. exf7 Nxb2 27. Qh5 Kb6 28. Bh6 Nc6 29. f6 Nd3 30. Bxd3 cxd3 31. Rae1 Qd7 32. Re8 Bxh6 33. Qxh6 Qxf7 34. Rxa8 Bxa8 35. Qg7 Nd8 36. Qxf7 Nxf7 37. Rd1 b4 38. cxb4 axb4 39. axb4 Kb5 40. Rxd3 Kc4 41. Re3 Kxd4 42. Re7 Nd6 43. f7 Nxf7 44. Rxf7 Kc4 45. h4 d4 46. h5 d3 47. Nf1 Bd5 48. Rc7+ Kxb4 49. h6 Be4 50. h7 Bxh7 51. Rxh7 Kc3 52. Rd7 Kc2 53. Kf2 Kc3 54. Ke3 d2 55. Nxd2 Kc2 56. Rc7+ Kd1 57. Rc8 Ke1 58. Rc1# 1-0


[Site "https://www.chess.com"]

[Event "Titled Tuesday Blitz July 18 Late 2023"]
[White "Hakobyan, Aram"]
[Black "Nasuta, Grzegorz"]
[WhiteFideId "13306677"]
[BlackFideId "1141686"]
[WhiteElo "2963"]
[BlackElo "2729"]
[Result "1-0"]
[Round "6"]
[TimeControl "180+2"]
[Date "2023.07.18"]
[WhiteClock "0:01:18"]
[BlackClock "0:00:02"]
[Board "18"]

1. d4 d5 2. c4 c6 3. Nf3 Nf6 4. Nc3 e6 5. Qc2 Nbd7 6. e4 dxe4 7. Nxe4 Nxe4 8. Qxe4 Bb4+ 9. Bd2 Qa5 10. Bd3 Nf6 11. Qe3 O-O 12. O-O Bxd2 13. Nxd2 Rd8 14. Nf3 Qc7 15. Rad1 b6 16. c5 a5 17. Rfe1 Ba6 18. Bb1 Bc4 19. Ne5 Bd5 20. h3 Rab8 21. b3 bxc5 22. dxc5 Rb4 23. Qc3 Rdb8 24. Bc2 h6 25. Nc4 Bxc4 26. bxc4 Qa7 27. Qd4 Qa6 28. a3 Rb2 29. Qd8+ Ne8 30. Qd3 Nf6 31. Qc3 Qa7 32. Qxb2 1-0


[Site "https://www.chess.com"]

[Event "Titled Tuesday Blitz July 18 Late 2023"]
[White "Svane, Rasmus"]
[Black "Papp, Levente"]
[WhiteFideId "4657101"]
[BlackFideId "751243"]
[WhiteElo "2960"]
[BlackElo "2717"]
[Result "1/2-1/2"]
[Round "6"]
[TimeControl "180+2"]
[Date "2023.07.18"]
[WhiteClock "0:00:03"]
[BlackClock "0:00:07"]
[Board "19"]

1. Nf3 b6 2. g3 Bb7 3. Bg2 Nf6 4. O-O g6 5. d4 Bg7 6. c4 O-O 7. Re1 d6 8. d5 b5 9. cxb5 Bxd5 10. Nc3 Bb7 11. Nd4 Bxg2 12. Kxg2 Qc8 13. e4 a6 14. Bg5 axb5 15. Ndxb5 Qb7 16. Qe2 c6 17. Nd4 Nbd7 18. Nb3 h6 19. Be3 Qb4 20. f3 Ne5 21. Bf2 Rfb8 22. Reb1 Qc4 23. Qd1 Qd3 24. Bd4 Qxd1 25. Nxd1 Nfd7 26. Nd2 Nc4 27. Nxc4 Bxd4 28. a3 Rb3 29. Ra2 Nc5 30. Nd2 Rd3 31. b3 h5 32. Kf1 Rxa3 33. Rxa3 Rxd2 34. b4 Ne6 35. h4 g5 36. hxg5 Nxg5 37. Ke1 Rg2 38. b5 cxb5 39. Rxb5 f6 40. f4 Nxe4 41. Rb4 Rg1+ 42. Ke2 Nxg3+ 43. Rxg3+ Rxg3 44. Rxd4 h4 45. Nf2 h3 46. Rd1 Rg2 47. Kf3 Kf7 48. Nxh3 Ra2 49. Nf2 Ra3+ 50. Kg4 Ra4 51. Rh1 e5 52. Nh3 Ke6 53. Rb1 f5+ 54. Kg5 Ra3 55. Kh4 exf4 56. Nxf4+ Ke5 57. Ng6+ Kf6 58. Nf4 Ke5 59. Rf1 d5 60. Ng6+ Kf6 61. Nf4 Ke5 62. Nh3 d4 63. Ng5 d3 64. Nf3+ Ke4 65. Kg3 Ra2 66. Ng5+ Kd4 67. Rxf5 d2 68. Nf3+ Kc4 69. Rf4+ Kc3 70. Rd4 Rb2 71. Rd7 Ra2 72. Kf4 Rb2 73. Ke3 Ra2 74. Nxd2 Ra4 75. Rc7+ Kb2 76. Kd3 Ra3+ 77. Ke2 Ra4 78. Nc4+ Kb3 79. Ne3 Kb2 80. Kd2 Rd4+ 81. Ke2 Ra4 82. Rc8 Rd4 83. Nd1+ Kb3 84. Nf2 Rd7 85. Nd3 Ka4 86. Kd2 Kb5 87. Kc3 Kb6 88. Rh8 Rc7+ 89. Kd4 Rd7+ 90. Ke4 Re7+ 91. Ne5 Rc7 92. Kd4 Rg7 93. Rh6+ Kb5 94. Rh1 Kb6 95. Kd5 Rg2 96. Rb1+ Kc7 97. Nf3 Rg3 98. Nd4 Rg5+ 99. Kc4 Rh5 100. Rg1 Rh7 101. Rg6 Rh5 102. Nf3 Rf5 103. Nd2 Kd7 104. Ne4 Rf4 105. Kd5 Rf5+ 106. Kd4 Ra5 107. Nc5+ Ke7 108. Rc6 Ra1 109. Ke5 Kf7 110. Ne4 Ra5+ 111. Kf4 Ra4 112. Kf5 Ra5+ 113. Nc5 Rb5 114. Rc7+ Ke8 115. Kf6 Rb1 116. Nd3 Kd8 117. Rg7 Kc8 118. Ne5 Rb7 119. Rg8+ Kc7 120. Ke6 Kb6 121. Kd6 Rh7 122. Rb8+ Ka5 123. Nc6+ Ka4 124. Kc5 1/2-1/2


[Site "https://www.chess.com"]

[Event "Titled Tuesday Blitz July 18 Late 2023"]
[White "Darini, Pouria"]
[Black "Van Foreest, Jorden"]
[WhiteFideId "12502200"]
[BlackFideId "1039784"]
[WhiteElo "2714"]
[BlackElo "2949"]
[Result "0-1"]
[Round "6"]
[TimeControl "180+2"]
[Date "2023.07.18"]
[WhiteClock "0:00:00"]
[BlackClock "0:01:27"]
[Board "20"]

1. d4 Nf6 2. Bg5 b5 3. Bxf6 exf6 4. e3 a6 5. a4 b4 6. Qf3 Ra7 7. Nd2 Bb7 8. Qg3 g6 9. h4 h5 10. Bd3 Bg7 11. Ne2 O-O 12. Nf4 d6 13. Nxg6 fxg6 14. Qxg6 Rf7 15. Rh3 Nd7 16. Qh7+ Kf8 17. Rg3 f5 18. Qxh5 Nf6 19. Qg5 c5 20. dxc5 dxc5 21. h5 f4 22. exf4 Qd5 23. h6 Bh8 24. Bc4 Qxd2+ 25. Kxd2 Ne4+ 26. Ke2 Nxg5 27. fxg5 Rf4 28. Rd1 Ra8 29. b3 Re8+ 30. Kf1 Bd4 31. f3 Rh4 32. Rh3 Rxh3 33. gxh3 Bxf3 34. Rd2 Be4 35. Bxa6 Re5 36. Bd3 Bxd3+ 37. Rxd3 Rxg5 38. Rf3+ Ke7 39. a5 Rg6 40. h7 Rh6 0-1


[Site "https://www.chess.com"]

[Event "Titled Tuesday Blitz July 18 Late 2023"]
[White "Sjugirov, Sanan"]
[Black "Volovich, Vasily"]
[WhiteFideId "4189302"]
[BlackFideId "34169676"]
[WhiteElo "2940"]
[BlackElo "2711"]
[Result "1-0"]
[Round "6"]
[TimeControl "180+2"]
[Date "2023.07.18"]
[WhiteClock "0:00:05"]
[BlackClock "0:00:00"]
[Board "21"]

1. e4 e6 2. d4 d5 3. e5 c5 4. c3 Nc6 5. Nf3 Bd7 6. Be2 f6 7. O-O fxe5 8. Nxe5 Nxe5 9. dxe5 Qc7 10. Bf4 O-O-O 11. a4 Ne7 12. Na3 Ng6 13. Bg3 Nxe5 14. Nb5 Bxb5 15. axb5 Bd6 16. Rxa7 Qb6 17. Ra4 Kc7 18. Qd2 Nd7 19. Qg5 Bxg3 20. hxg3 g6 21. Rf4 Qd6 22. Re1 Rdf8 23. Bg4 Rxf4 24. gxf4 Re8 25. Qh6 Re7 26. Qh3 Qxf4 27. b4 c4 28. g3 Qf6 29. Rxe6 Rxe6 30. Bxe6 Qxc3 31. Bxd5 Qe1+ 32. Kg2 c3 33. Qg4 Qe5 34. Qc4+ Kb8 35. Bf3 Nb6 36. Qg8+ Ka7 37. Qa2+ Kb8 38. Qg8+ Kc7 39. Qxh7+ Nd7 40. Qxg6 Qd4 41. Qf5 Qxb4 42. Qd5 Nc5 43. Qe5+ Kb6 44. Qd6+ Kxb5 45. Be2+ Ka4 46. Qd1+ Ka3 47. Qa1+ Kb3 48. Qb1+ Ka3 49. Qa1+ Kb3 50. Bf3 c2 51. Bd5+ Qc4 52. Bxc4+ Kxc4 53. Qb2 Kd3 54. Qb5+ Kd4 55. Qb4+ 1-0


[Site "https://www.chess.com"]

[Event "Titled Tuesday Blitz July 18 Late 2023"]
[White "Wieczorek, Oskar"]
[Black "Anton Guijarro, David"]
[WhiteFideId "1133950"]
[BlackFideId "2285525"]
[WhiteElo "2709"]
[BlackElo "2928"]
[Result "1-0"]
[Round "6"]
[TimeControl "180+2"]
[Date "2023.07.18"]
[WhiteClock "0:00:09"]
[BlackClock "0:00:05"]
[Board "22"]

1. e4 c6 2. d4 a6 3. Nd2 d5 4. c3 g6 5. Bd3 Bg7 6. Ngf3 Nh6 7. O-O O-O 8. Re1 f6 9. h3 Nf7 10. e5 fxe5 11. dxe5 e6 12. Nb3 Qe7 13. c4 Nd7 14. cxd5 cxd5 15. Bf4 b6 16. Bg3 Nc5 17. Nbd4 Bd7 18. Rc1 a5 19. Qd2 Rac8 20. Bh4 Qe8 21. Bb1 Rc7 22. Bf6 Qa8 23. h4 Rfc8 24. Ng5 Bh6 25. Qf4 Bxg5 26. hxg5 Ne4 27. Rxc7 Rxc7 28. f3 Nc5 29. Kh2 Na4 30. Kg3 Qe8 31. Rh1 Nd8 32. Rxh7 Kxh7 33. Qh4+ Kg8 34. Qh8+ Kf7 35. Qg7# 1-0


[Site "https://www.chess.com"]

[Event "Titled Tuesday Blitz July 18 Late 2023"]
[White "Antipov, Mikhail Al."]
[Black "Quintiliano Pinto, Renato R."]
[WhiteFideId "4107012"]
[BlackFideId "2117568"]
[WhiteElo "2917"]
[BlackElo "2706"]
[Result "1-0"]
[Round "6"]
[TimeControl "180+2"]
[Date "2023.07.18"]
[WhiteClock "0:00:01"]
[BlackClock "0:00:00"]
[Board "23"]

1. e4 e5 2. Nf3 Nc6 3. Nc3 Nf6 4. Bb5 Bb4 5. Nd5 Ba5 6. O-O O-O 7. c3 Nxd5 8. exd5 Ne7 9. Nxe5 Nxd5 10. Qf3 Nf6 11. d4 c6 12. Bd3 h6 13. Bxh6 gxh6 14. Qg3+ Kh8 15. Qh4 Kg7 16. Rae1 d6 17. Qg3+ Kh8 18. f4 dxe5 19. fxe5 Nh5 20. Qf3 Qg5 21. Qe4 Qg7 22. Qh4 Rg8 23. Re2 Qg4 24. Rxf7 Rg5 25. Rf8+ Kg7 26. Qf2 Be6 27. Rxa8 Nf4 28. Kf1 Bd5 29. g3 Qh3+ 30. Kg1 Nxe2+ 31. Bxe2 Rf5 32. Bf1 Qg4 33. Qe2 Qh4 34. gxh4 1-0


[Site "https://www.chess.com"]

[Event "Titled Tuesday Blitz July 18 Late 2023"]
[White "Velikanov, Alexander"]
[Black "Grigoriants, Sergey"]
[WhiteFideId "2039290"]
[BlackFideId "4130804"]
[WhiteElo "2704"]
[BlackElo "2913"]
[Result "0-1"]
[Round "6"]
[TimeControl "180+2"]
[Date "2023.07.18"]
[WhiteClock "0:00:00"]
[BlackClock "0:00:05"]
[Board "24"]

1. e4 c5 2. Nf3 Nc6 3. d4 cxd4 4. Nxd4 e6 5. Bf4 d6 6. Nxc6 bxc6 7. c4 e5 8. Be3 f5 9. exf5 Bxf5 10. Nc3 Nf6 11. Be2 Be7 12. g4 Be6 13. g5 Nd7 14. Bg4 Nf8 15. h4 Qd7 16. Bh5+ Ng6 17. Qc2 O-O 18. O-O-O Nf4 19. Bf3 Bxc4 20. Be4 Rab8 21. Bxh7+ Kh8 22. h5 Bxg5 23. Ne4 Nd3+ 24. Rxd3 Bxd3 25. Qxd3 Bxe3+ 26. fxe3 d5 27. Nd2 Qb7 28. Qc2 e4 29. Bg6 Rf2 30. Qc3 Qb4 31. Rg1 Qxc3+ 32. bxc3 Rbf8 33. Rg5 Re2 34. Kd1 Rxe3 35. Nb1 Rd3+ 36. Kc2 Rdf3 37. Re5 Rf2+ 38. Kb3 Rb8+ 39. Ka3 Rfb2 40. Nd2 Rxd2 41. Re6 Rc2 42. Rxc6 d4 43. c4 Rc3+ 44. Ka4 d3 45. Bxe4 d2 0-1


[Site "https://www.chess.com"]

[Event "Titled Tuesday Blitz July 18 Late 2023"]
[White "Rastbod, Ali"]
[Black "Tang, Andrew"]
[WhiteFideId "12567477"]
[BlackFideId "2059630"]
[WhiteElo "2699"]
[BlackElo "2885"]
[Result "0-1"]
[Round "6"]
[TimeControl "180+2"]
[Date "2023.07.18"]
[WhiteClock "0:00:00"]
[BlackClock "0:00:21"]
[Board "25"]

1. c4 e6 2. g3 d5 3. Bg2 Nf6 4. Nf3 Be7 5. O-O O-O 6. d4 dxc4 7. Qc2 a6 8. a4 Bd7 9. Rd1 Bc6 10. Nc3 Bxf3 11. Bxf3 Nc6 12. Bxc6 bxc6 13. a5 Rb8 14. Ra4 Rb4 15. Bg5 Qb8 16. Bxf6 Rxb2 17. Qe4 gxf6 18. Rxc4 Qb3 19. Qxc6 Bd6 20. Qxa6 Rxe2 21. Rb1 Qc2 22. Nxe2 Qxb1+ 23. Rc1 Qa2 24. Nc3 Qa3 25. Ne2 Rb8 26. Kg2 Rb2 27. Rc3 Qa2 28. Re3 Qd5+ 29. Kh3 Ra2 30. Qd3 Qh1 31. Nc3 Rxa5 32. d5 Kg7 33. Rf3 Be5 34. dxe6 Bxc3 35. exf7 Rh5+ 36. Kg4 Rg5+ 37. Kh3 Bb4 38. f8=Q+ Bxf8 39. Qd6 Bxd6 0-1


[Site "https://www.chess.com"]

[Event "Titled Tuesday Blitz July 18 Late 2023"]
[White "Moskalenko, Alexander"]
[Black "Vetoshko, Volodymyr"]
[WhiteFideId "4155351"]
[BlackFideId "14122480"]
[WhiteElo "2877"]
[BlackElo "2699"]
[Result "1-0"]
[Round "6"]
[TimeControl "180+2"]
[Date "2023.07.18"]
[WhiteClock "0:00:34"]
[BlackClock "0:00:00"]
[Board "26"]

1. c3 b6 2. d4 Bb7 3. Nf3 g6 4. g3 Bg7 5. Bg2 Nf6 6. O-O O-O 7. a4 a6 8. Bf4 d6 9. Qc1 Re8 10. Bh6 Bh8 11. Rd1 Nbd7 12. Nbd2 Ra7 13. Bg5 Qa8 14. Ne1 c5 15. Qc2 Rc8 16. Bxb7 Rxb7 17. Qb3 cxd4 18. cxd4 Rbc7 19. Bxf6 Bxf6 20. e3 h5 21. h4 Kg7 22. Qd3 Qb7 23. Qe4 d5 24. Qd3 e5 25. dxe5 Nxe5 26. Qb3 Nc4 27. Rab1 d4 28. exd4 Bxd4 29. Nef3 Nxd2 30. Rxd2 Rc1+ 31. Rxc1 Rxc1+ 32. Kg2 Bf6 33. Rc2 Rb1 34. Qa2 Rd1 35. Qc4 b5 36. axb5 axb5 37. Qe2 Qd5 38. b4 Qd3 39. Qxd3 Rxd3 40. Rc5 Be7 41. Rxb5 Rb3 42. Rb7 Kf8 43. b5 Bc5 44. Ne5 Bd4 45. Nc6 Bc5 46. Ne5 Bd4 47. Nxf7 Rb2 48. Kf3 Rxf2+ 49. Ke4 Bc5 50. Ng5 Rb2 51. Ne6+ 1-0


[Site "https://www.chess.com"]